 Dungeon Crawl Stone Soup version 0.27.1-4-g1640c2035a (webtiles) character file.

Game seed: 3233175834898168770

45 raph the Grave Robber (level 3, -6/26 HPs)
             Began as a Human Necromancer on Nov 6, 2021.
             Killed from afar by a hobgoblin (9 damage)
             ... with a puff of flame
             ... on level 3 of the Dungeon.
             The game lasted 00:05:14 (2867 turns).

raph the Grave Robber (Human Necromancer)           Turns: 2867, Time: 00:05:14

Health: -6/26      AC:  4    Str:  8    XL:     3   Next: 90%
Magic:  1/6        EV: 12    Int: 16    God:
Gold:   34         SH:  0    Dex: 19    Spells: 1/6 levels left

rFire    . . .     SeeInvis .   h - +0 dagger (drain)
rCold    . . .     Faith    .   (no shield)
rNeg     . . .     Spirit   .   e - +0 leather armour
rPois    .         Reflect  .   (no helmet)
rElec    .         Harm     .   m - +0 cloak
rCorr    .         Rampage  .   (no gloves)
Will     .....                  (no boots)
Stlth    ++........             (no amulet)
HPRegen  0.08/turn              k - +6 ring of dexterity
MPRegen  0.10/turn              (no ring)

@: no status effects
A: no striking features
a: no special abilities


You were on level 3 of the Dungeon.
You visited 1 branch of the dungeon, and saw 3 of its levels.

You collected 88 gold pieces.
You spent 54 gold pieces at shops.

Inventory:

Hand Weapons
 d - a +0 dagger
 h - a +0 dagger of draining (weapon)
Armour
 a - a +0 robe
 e - a +0 leather armour (worn)
 m - a +0 cloak (worn)
Jewellery
 b - a ring of fire
 k - a +6 ring of dexterity (left hand)
Scrolls
 g - a scroll of magic mapping {unknown}
 j - a scroll of identify {unknown}
Potions
 i - 2 potions of haste {unknown}
 l - 2 potions of brilliance {unknown}


   Skills:
 + Level 1.0 Fighting
 + Level 2.4 Dodging
 + Level 2.4 Stealth
 + Level 2.3 Spellcasting
 * Level 4.4 Necromancy


You had one spell level left.
You knew the following spells:

 Your Spells              Type           Power      Damage    Failure   Level
a - Pain                  Necr           64%        1d7       4%          1
b - Animate Skeleton      Necr           32%        N/A       4%          1
c - Vampiric Draining     Necr           8%         2d7       14%         3

Your spell library contained the following spells:

 Spells                   Type           Power      Damage    Failure   Level
 Animate Dead             Necr           8%         N/A       43%         4
 Agony                    Necr           16%        N/A       78%         5


Dungeon Overview and Level Annotations

Branches:
Dungeon (3/15)

Altars:

Shops:
D:1 [

Annotations:
D:2 Sigmund
D:3 Grinder


Message History

You start resting.
A hobgoblin is nearby!
The hobgoblin shouts!
Casting: Pain (safe; 4% risk of failure)
Confirm with . or Enter, or press ? or * to list all spells.
Aiming: Vampiric Draining (quite dangerous; 14% risk of failure)
Press: ? - help, Shift-Dir - straight line, f - hobgoblin
Aim: a hobgoblin, wearing a ring of positive energy and carrying a wand of flame (15)
You draw life force from the hobgoblin.
The hobgoblin zaps a wand.
The puff of flame hits you!
Ouch! That really hurt!
Aiming: Pain (safe; 4% risk of failure)
Press: ? - help, Q - select action, (/) - cycle Shift-Dir - straight line, f/p - hobgoblin
Aim: a hobgoblin, wearing a ring of positive energy and carrying a wand of flame (14) (moderately wounded, chance to affect: 87%)
The hobgoblin barely resists.
The hobgoblin hits you.
* * * LOW HITPOINT WARNING * * *
A worm comes into view.
Aiming: Pain (safe; 4% risk of failure)
Press: ? - help, Q - select action, (/) - cycle Shift-Dir - straight line, f/p - hobgoblin
Aim: a hobgoblin, wearing a ring of positive energy and carrying a wand of flame (14) (moderately wounded, chance to affect: 87%)
The hobgoblin barely resists.
The hobgoblin hits you.
* * * LOW HITPOINT WARNING * * *
Aiming: Pain (safe; 4% risk of failure)
Press: ? - help, Q - select action, (/) - cycle Shift-Dir - straight line, f/p - hobgoblin
Aim: a hobgoblin, wearing a ring of positive energy and carrying a wand of flame (14) (moderately wounded, chance to affect: 87%)
The hobgoblin writhes in agony.
The hobgoblin zaps a wand.
The puff of flame misses you.
You see here a rat skeleton.
You don't have enough magic to cast this spell.
Unknown command.
You hit the hobgoblin.
The hobgoblin is severely wounded.
The hobgoblin drinks a potion.
The hobgoblin is healed!
You hit the hobgoblin but do no damage.
The hobgoblin hits you but does no damage.
A worm comes into view.
The hobgoblin zaps a wand.
The puff of flame hits you!
You die...

........#..#
#.........#..#
##...........#
......#.##..#
....#.. #..#
#...?# #..#
#....# #.##
#....###รท#
#..@.g.#
#..##.##
#..#..#
.w....##
##...### ...$#
.....# ......#
......#


You could see a worm (wandering) and a hobgoblin.

Vanquished Creatures
  A worm (D:2)
  A dart slug (D:1)
  5 endoplasms
  A giant cockroach (D:1)
  7 goblins
  2 hobgoblins
  A jackal (D:3)
  4 ball pythons
  5 bats
  A frilled lizard (D:1)
  4 kobolds
  7 rats
39 creatures vanquished.

Notes
Turn   | Place    | Note
-------+----------+-------------------------------------------
     0 | D:1      | raph the Human Necromancer began the quest for the Orb.
     0 | D:1      | Reached XP level 1. HP: 13/13 MP: 3/3
   177 | D:1      | Learned a level 1 spell: Animate Skeleton
   273 | D:1      | Reached XP level 2. HP: 13/20 MP: 1/5
  1091 | D:1      | Found Jeby's Armour Boutique.
  1171 | D:1      | Reached XP level 3. HP: 14/25 MP: 1/6
  1319 | D:1      | Learned a level 3 spell: Vampiric Draining
  1902 | D:2      | Noticed Sigmund
  2014 | D:2      | Reached skill level 1 in Fighting
  2520 | D:1      | Bought a +0 cloak for 54 gold pieces
  2593 | D:3      | Noticed Grinder
  2867 | D:3      | Killed from afar by a hobgoblin

Illustrated notes

Levels and vault maps discovered:
D:1:      nicolae_arrival_washed_ashore, layout_rooms, serial_shops,
          nicolae_shop_waterfront, minmay_misc_feat_rugged, minmay_tromino_v4_a
D:2:      layout_rooms, uniq_sigmund
D:3:      layout_rooms, trog_book, mainiacjoe_overflow_brackets,
          shapermc_ecumenical_altar_totnotflames, dk_noncrumbling_2,
          uniq_grinder

Skill      XL: |  1  2  3 |
---------------+----------+-----
Fighting       | 1 |  1.0
Dodging        | |  2.4
Stealth        | |  2.4
Spellcasting   | |  2.3
Necromancy     | |  4.4

Action                   || total
-------------------------++-------
Melee: Dagger            ||    30
 Cast: Pain              ||    67
       Animate Skeleton  ||     1
       Vampiric Draining ||     1
  Use: Scroll            ||     2
 Stab: Sleeping          ||     2
Armor: Robe              ||     2
       Leather armour    ||    18
Dodge: Dodged            ||    52
